 Dungeon Crawl Stone Soup version 0.28.0-53-g5a82cb258f (webtiles) character file.

Game seed: 11710061803666358145

48 DildoBatman the Conjurer (level 4, 0/30 HPs)
             Began as a Formicid Conjurer on May 24, 2022.
             Slain by a centaur skeleton (1 damage)
             ... on level 4 of the Dungeon.
             The game lasted 00:03:33 (1268 turns).

DildoBatman the Conjurer (Formicid Conjurer)        Turns: 1268, Time: 00:03:34

Health: 0/30       AC:  3    Str: 12    XL:     4   Next: 0%
Magic:  4/7        EV: 12    Int: 17    God:
Gold:   47         SH:  0    Dex: 11    Spells: 4/7 levels left

rFire   . . .      SeeInvis +   b - staff of conjuration
rCold   . . .      Faith    .   (no shield)
rNeg    . . .      Spirit   .   g - +0 robe
rPois   .          Reflect  .   (helmet unavailable)
rElec   .          Harm     .   (no cloak)
rCorr   .          Rampage  .   i - +0 pair of gloves
Will    .....                   (no boots)
Stlth   ++........              (no amulet)
HPRegen 0.10/turn               (no ring)
MPRegen 0.10/turn               (no ring)

@: lethally poisoned (0 -> -4)
A: permanent stasis, dig shafts and tunnels, antennae 3, four strong arms
a: Dig, Shaft Self


You were on level 4 of the Dungeon.
You visited 1 branch of the dungeon, and saw 3 of its levels.

You collected 47 gold pieces.

Inventory:

Hand Weapons
 a - a +0 dagger
Missiles
 j - 4 boomerangs
 l - 23 bolts
 m - 25 stones
Armour
 g - a +0 robe (worn)
 i - a +0 pair of gloves (worn)
Magical Staves
 b - a staff of conjuration (weapon)
Jewellery
 e - a ring of ice
Scrolls
 f - 2 scrolls of teleportation {unknown}
Potions
 c - a potion of mutation {unknown}
 d - a potion of brilliance {unknown}
 h - a potion of degeneration {unknown}
 k - a potion of ambrosia {unknown}


   Skills:
 - Level 1.7 Dodging
 - Level 2.4 Stealth
 - Level 2.1 Spellcasting
 * Level 4.8 Conjurations


You had 4 spell levels left.
You knew the following spells:

 Your Spells              Type           Power      Damage    Failure   Level
a - Searing Ray           Conj           54%        2d6       4%          2
c - Magic Dart            Conj           100%       1d8       2%          1

Your spell library contained the following spells:

 Spells                   Type           Power      Damage    Failure   Level
 Dazzling Flash           Conj/Hex       30%        N/A       22%         3
 Fulminant Prism          Conj/Hex       7%         3d7       56%         4
 Iskenderun's Mystic Bla  Conj/Tloc      15%        2d5       56%         4


Dungeon Overview and Level Annotations

Branches:
Dungeon (2/15)

Altars:


Innate Abilities, Weirdness & Mutations

You cannot be hasted, slowed, berserked, paralysed or teleported.
You can dig through walls and to a lower floor.
You have a pair of large antennae on your head. (SInv)
Your four strong arms can wield two-handed weapons with a shield.


Message History

A gnoll comes into view. It is wielding a +0 spear.
What are your orders? t - Shout!
Orders for allies: a - Attack new target. r - Retreat! s - Stop attacking. g - Guard the area. f - Follow me.
Anything else - Cancel.
You shout for attention!
The adder bites you.
You are poisoned.
The adder poisons you! The centaur skeleton barely misses you.
The centaur skeleton kicks you but does no damage.
The gnoll shaman hits you with a +0 club.
What are your orders? t - Shout!
Orders for allies: a - Attack new target. r - Retreat! s - Stop attacking. g - Guard the area. f - Follow me.
Anything else - Cancel.
You shout for attention!
You feel sick. The adder bites you but does no damage.
The centaur skeleton closely misses you.
The centaur skeleton misses you.
The gnoll shaman hits you with a +0 club.
The centaur skeleton barely misses you. x2
The adder closely misses you. What are your orders? t - Shout!
Orders for allies: a - Attack new target. r - Retreat! s - Stop attacking. g - Guard the area. f - Follow me.
Anything else - Cancel.
You shout for attention!
You feel sick. The gnoll shaman closely misses you.
The centaur skeleton hits you. The centaur skeleton kicks you.
You die...

#. ##. #..#
##...##
##.....##
##..#....###
...........##
#.....S@Z...#
#.......g....#
..........g..#
............g..
............#..
...........## .
.>..........
.........#...


You could see a gnoll shaman, 2 gnolls, an adder and a centaur skeleton.

Vanquished Creatures
  A worm (D:2)
  3 dart slugs (D:1)
  2 ball pythons (D:2)
  4 endoplasms (D:1)
  3 giant cockroaches
  7 goblins
  2 hobgoblins (D:1)
  2 quokkas (D:1)
  5 bats
  2 frilled lizards
  A kobold (D:2)
  5 rats
37 creatures vanquished.

Vanquished Creatures (others)
  2 plants (D:2)
2 creatures vanquished.

Grand Total: 39 creatures vanquished

Notes
Turn   | Place    | Note
-------+----------+-------------------------------------------
     0 | D:1      | DildoBatman the Formicid Conjurer began the quest for the
                  | Orb.
     0 | D:1      | Reached XP level 1. HP: 13/13 MP: 3/3
   230 | D:1      | Reached skill level 4 in Conjurations
   230 | D:1      | Reached XP level 2. HP: 19/19 MP: 3/5
   233 | D:1      | Learned a level 2 spell: Searing Ray
   509 | D:1      | Reached XP level 3. HP: 21/24 MP: 1/6
  1251 | D:2      | Reached XP level 4. HP: 30/30 MP: 2/7
  1253 | D:2      | You fall into a shaft and drop 2 floors!
  1268 | D:4      | HP: 1/30 [centaur skeleton (3)]
  1268 | D:4      | Slain by a centaur skeleton

Illustrated notes

Levels and vault maps discovered:
D:1:      elethiomel_arrival_infinity_welcomes_careful_drivers, layout_basic,
          minmay_heptomino_w4
D:2:      layout_basic, serial_forest, infiniplex_forest_join,
          infiniplex_forest_straight_2, infiniplex_forest_lined_ring,
          infiniplex_forest_straight_4, infiniplex_forest_clump_medium,
          minmay_goblin_kobold_house
D:4:      layout_cave_pods

Skill      XL: |  1 |
---------------+----+-----
Conjurations   | 4 |  4.8
Dodging        | |  1.7
Stealth        | |  2.4
Spellcasting   | |  2.1

Action                   |  1- 3 |  4- 6 || total
-------------------------+-------+-------++-------
Melee: Dagger            |    12 |       ||    12
       Staff             |     9 |       ||     9
 Cast: Magic Dart        |    45 |       ||    45
       Searing Ray       |     4 |       ||     4
 Abil: Shaft Self        |       |     1 ||     1
 Stab: Sleeping          |     1 |       ||     1
Armor: Robe              |     6 |    12 ||    18
Dodge: Dodged            |    17 |    27 ||    44
